Match 25315262
Unlisted

Match 25315262
End
250 Light Carrier
Selects Italian Combined Arms Battlegroup
Selects Bersaglieri Squad
Bersaglieri Squad
Panzergrenadier Squad
250 Light Carrier
Selects Bersaglieri Bolster
Panzerpioneer Squad
Construct Light Support Kompanie
250 Light Carrier
2.5-tonne Medical Truck
MG34 Team
Construct Mechanized Kompanie
Selects Breda Model 30 Light Machine Guns
8 Rad Armored Car
Marder III Tank Destroyer
Selects Semovente da 75/18 Assault Gun
Fire Support Elements
Semovente da 75/18 Assault Gun
Pak 38 Mechanized Group
Semovente da 75/18 Assault Gun
Selects Carro Armato M13/40 Light Tank
Carro Armato M13/40 Light Tank
Carro Armato M13/40 Light Tank
Construct Panzerarmee Kommand
Carro Armato M13/40 Light Tank
Selects Artillery Cover
Artillery Cover
Carro Armato M13/40 Light Tank
Semovente da 75/18 Assault Gun
Panzer III L Medium Tank
Artillery Cover
Panzerpioneer Squad
Carro Armato M13/40 Light Tank
Artillery Cover
Pak 38 Mechanized Group
Semovente da 75/18 Assault Gun
不吃牛肉曹少麟
//StRiKeRs//
lurenjia
安洁杀死了RPK-16
兄弟连上
ChuaMC
Toast
TidaL
0
0

Comments sign in to comment!

No comments posted yet!